 Dungeon Crawl Stone Soup version 0.19.0-20-gbc5f0c6 (webtiles) character file.

41 glitchdot the Conjurer (level 3, 0/21 HPs)
             Began as an Octopode Conjurer on Nov 16, 2016.
             Succumbed to an adder's poison
             ... on level 2 of the Dungeon.
             The game lasted 00:05:21 (1153 turns).

glitchdot the Conjurer (Octopode Conjurer)          Turns: 1153, Time: 00:05:21

Health: 0/21       AC:  1    Str:  5 (7)  XL:     3   Next: 52%
Magic:  1/6        EV: 13    Int: 16 (18) God:
Gold:   49         SH:  0    Dex:  9 (12) Spells: 2 memorised, 3 levels left

rFire  . . .     SeeInvis .     (no weapon)
rCold  . . .     Gourm    .     (no shield)
rNeg   . . .     Faith    .     (helmet restricted)
rPois  .         Spirit   .     (no amulet)
rElec  .         Reflect  .     (no ring)
rCorr  .         Harm     .     (no ring)
MR     .....     Clarity  +     (no ring)
Stlth  +++.......               (no ring)
                                (no ring)
                                (no ring)
                                (no ring)
                                (no ring)

@: lethally poisoned (0 -> -7)
A: almost no armour, stealthy swim, amphibious, 8 rings, constrict 8, camouflage
1, clarity, gelatinous body 1, evolution 1
a: no special abilities


You were on level 2 of the Dungeon.
You were not hungry.

You visited 1 branch of the dungeon, and saw 2 of its levels.

You collected 49 gold pieces.

Inventory:

Armour
 d - a +0 hat
Scrolls
 e - a scroll of remove curse
Potions
 b - a potion of might {unknown}
Books
 a - a book of Conjurations

   Spells                             Type                      Level
   a - Magic Dart                     Conjuration                  1
   b - Searing Ray                    Conjuration                  2
   c - Dazzling Spray                 Conjuration/Hexes            3
   d - Fulminant Prism                Conjuration/Hexes            4
   e - Iskenderun's Mystic Blast      Conjuration                  4
   f - Iskenderun's Battlesphere      Conjuration/Charms           5


   Skills:
 + Level 0.2 Fighting
 + Level 2.3 Dodging
 + Level 3.1 Stealth
 + Level 0.2 Unarmed Combat
 + Level 2.2 Spellcasting
 + Level 4.6 Conjurations


You had 3 spell levels left.
You knew the following spells:

 Your Spells              Type           Power        Failure   Level  Hunger
a - Magic Dart            Conj           ###.         3%          1    #......
b - Searing Ray           Conj           ###...       6%          2    ###....


Dungeon Overview and Level Annotations

Branches:
Dungeon (2/15)

Altars:


Innate Abilities, Weirdness & Mutations

You cannot wear most types of armour.
You are very stealthy in the water. (Stealth+)
You are amphibious.
You can wear up to eight rings at the same time.
You can use your tentacles to constrict eight enemies at once.
Your skin changes colour to match your surroundings (Stealth+).
Your rubbery body absorbs attacks. (AC +1, EV +1)
You possess an exceptional clarity of mind.
You evolve.


Message History

The adder is almost dead.
You feel sick. The adder bites you.
* * * LOW HITPOINT WARNING * * *
You are lethally poisoned!
The adder poisons you! The adder closely misses you.
You closely miss the adder. Your grab misses the adder.
The adder is almost dead.
The adder bites you.
* * * LOW HITPOINT WARNING * * *
You miss the adder. Your grab misses the adder.
The adder is almost dead.
* * * LOW HITPOINT WARNING * * *
You feel sick. The adder bites you but does no damage.
You miss the adder. Your grab misses the adder.
The adder is almost dead.
The adder misses you.
You miss the adder. You grab the adder.
The adder is almost dead.
You constrict the adder, but do no damage.
You die...

# .# .# ... ##. .....
... ..#.#.#.#....
#........... #.#.#.#.#.#
##.........#
....#.#S#.#.###
##.##.....@.....##
......#.#.#.#..[.## ...
#....†>........# # ###.#
###...........# ###...
#...........# ..#.##
######.........##
.....####...##....#...##
#..#..............#####
##.................#


You could see an adder.

Vanquished Creatures
  2 adders (D:2)
  A worm (D:2)
  2 leopard geckos (D:1)
  A bat (D:2)
  5 goblins (D:1)
  2 hobgoblins (D:1)
  A jackal (D:2)
  2 kobolds (D:1)
  A rat (D:1)
17 creatures vanquished.

Notes
Turn   | Place    | Note
-------+----------+-------------------------------------------
     0 | D:1      | glitchdot the Octopode Conjurer began the quest for the Orb.
     0 | D:1      | Reached XP level 1. HP: 11/11 MP: 3/3
   259 | D:1      | Reached XP level 2. HP: 17/17 MP: 3/5
   264 | D:1      | Learned a level 2 spell: Searing Ray
   291 | D:1      | Gained mutation: You evolve. [potion of mutation]
   291 | D:1      | Gained mutation: You possess an exceptional clarity of mind. [potion of mutation]
   960 | D:2      | Reached XP level 3. HP: 21/21 MP: 0/6
  1151 | D:2      | HP: 1/21 [poisoned by an adder]
  1153 | D:2      | Succumbed to an adder's poison

Skill      XL: |  1  2  3 |
---------------+----------+-----
Stealth        | 3 |  3.1
Fighting       | |  0.2
Dodging        | |  2.3
Unarmed Combat | |  0.2
Spellcasting   | |  2.2
Conjurations   | |  4.6

Action                   || total
-------------------------++-------
Melee: Unarmed           ||    42
       Constrict         ||     7
       Tentacles         ||     4
 Cast: Magic Dart        ||    25
       Searing Ray       ||     2
  Use: Potion            ||     5
       Scroll            ||     1
  Eat: Bread ration      ||     1
Armor: Skin              ||     3
Dodge: Dodged            ||    34
